 Dungeon Sprint DCSS version 0.27-a0-1301-g128193abf8 (webtiles) character file.

Game seed: 8042258829109447267

397 mhtbhm the Slicer (level 7, -5/52 HPs)
             Began as a Kobold Berserker on June 17, 2021.
             Was an Elder of Trog.
             Slain by a vampire (8 damage)
             ... in the Dungeon (Sprint IX: "|||||||||||||||||||||||||||||").
             The game lasted 00:00:48 (516 turns).

mhtbhm the Slicer (Kobold Berserker)                 Turns: 516, Time: 00:00:49

Health: -5/52      AC: 10    Str: 16    XL:     7   Next: 10%
Magic:  7/7        EV: 17    Int:  9    God:    Trog [****..]
Gold:   0          SH:  0    Dex: 17    Spells: 6/6 levels left

rFire    . . .     SeeInvis .   a - +2 rapier (venom)
rCold    . . .     Faith    .   (shield restricted)
rNeg     . . .     Spirit   .   b - +1 scale mail
rPois    .         Reflect  .   (no helmet)
rElec    .         Harm     .   k - +0 cloak
rCorr    .         Rampage  .   l - +0 pair of gloves
Will     .....     NoTele   +   (no boots)
Stlth    +.........             (no amulet)
HPRegen  0.17/turn              m - +3 ring of dexterity
MPRegen  0.10/turn              n - +2 ring of evasion

@: confused, on berserk cooldown, slowed, very slow
A: small, no large weapons, nightstalker 3
a: Renounce Religion, Berserk, Trog's Hand, Brothers in Arms


You were in the Dungeon.
You worshipped Trog.
Trog was greatly pleased with you.
You visited 1 branch

Inventory:

Hand Weapons
 a - a +2 rapier of venom (weapon)
Armour
 b - a +1 scale mail (worn)
 k - a +0 cloak (worn)
 l - a +0 pair of gloves (worn)
Jewellery
 m - a +3 ring of dexterity (left hand)
 n - a +2 ring of evasion (right hand)
Wands
 j - a wand of iceblast (9)
Scrolls
 h - 2 scrolls of blinking
Potions
 c - 5 potions of curing
 d - 3 potions of heal wounds
 e - a potion of haste
 f - 4 potions of magic
 g - a potion of berserk rage
 i - a potion of invisibility


   Skills:
 + Level 9.7 Fighting
 + Level 12.5 Short Blades
 + Level 3.6 Armour
 + Level 6.3 Dodging
 + Level 1.6 Stealth


You had 6 spell levels left.
You didn't know any spells.
Your spell library was empty.

Dungeon Overview and Level Annotations

Branches:
Dungeon (1/1)

Altars:
Cheibriados
Dithmenos
Elyvilon
Fedhas
Gozag
Hepliaklqana
Kikubaaqudgha
Makhleb
Nemelex Xobeh
Okawaru
Qazlal
Ru
Sif Muna
Trog
Uskayaw
Vehumet
Wu Jian
Xom
Yredelemnul
Zin
The Shining One
Beogh
Jiyva
Lugonu


Innate Abilities, Weirdness & Mutations

You are small and have problems with some larger weapons.
You are completely attuned to the shadows.


Message History

The vampire misses you.
You closely miss the vampire.
The vampire is moderately damaged.
You hit the vampire.
The vampire is heavily damaged.
A ball python zombie comes into view.
The vampire hits you but does no damage.
The vampire misses you.
You closely miss the vampire.
The vampire is heavily damaged.
You barely miss the vampire.
The vampire is heavily damaged.
You puncture the vampire!
The vampire is almost destroyed.
The vampire misses you. The vampire bites you!
* * * LOW HITPOINT WARNING * * *
The vampire draws strength from your injuries!
You hit the vampire.
The vampire is almost destroyed.
Unknown command.
You hit the vampire but do no damage.
The vampire is almost destroyed.
The vampire casts a spell at you.
You are confused.
You're too confused to move!
You closely miss the vampire.
The vampire is almost destroyed.
The vampire draws life force from you!
* * * LOW HITPOINT WARNING * * *
The vampire is healed by the life force!
Unknown command.
Unknown command.
You bump into the unnaturally hard rock wall.
You barely miss the vampire.
The vampire is severely damaged.
You are no longer berserk.
You are exhausted.
You feel yourself slow down. The vampire barely misses you.
The vampire bites you!
You die...

▓Z▓
▓o▓
▓o▓
▓V▓
▓@▓
▓.▓
▓.▓
▓[▓
▓.▓
▓.▓
▓.▓
▓)▓
▓?▓


You could see a vampire, 2 orc warriors and a ball python zombie.

Vanquished Creatures
  A komodo dragon (D)
  A sky beast (D)
  A howler monkey (D)
  An adder (D)
  A worm (D)
  A bat skeleton (D)
  2 goblins (D)
  2 hobgoblins (D)
  A rat (D)
11 creatures vanquished.

Notes
Turn   | Place    | Note
-------+----------+-------------------------------------------
     0 | D        | mhtbhm the Kobold Berserker began the quest for the Orb.
     0 | D        | Reached XP level 1. HP: 14/14 MP: 1/1
    12 | D        | Reached ** piety under Trog
    17 | D        | Reached skill level 5 in Short Blades
    17 | D        | Reached XP level 2. HP: 20/20 MP: 2/2
   158 | D        | Noticed a howler monkey
   158 | D        | Noticed a sky beast
   169 | D        | Killed a sky beast
   169 | D        | Reached *** piety under Trog
   170 | D        | Reached skill level 8 in Short Blades
   170 | D        | Reached XP level 3. HP: 15/28 MP: 3/3
   170 | D        | Reached XP level 4. HP: 17/32 MP: 4/4
   178 | D        | Reached skill level 9 in Short Blades
   178 | D        | Reached XP level 5. HP: 21/38 MP: 5/5
   418 | D        | Found a snail-covered altar of Cheibriados.
   418 | D        | Found a shadowy altar of Dithmenos.
   419 | D        | Found a white marble altar of Elyvilon.
   420 | D        | Found a blossoming altar of Fedhas.
   421 | D        | Found an opulent altar of Gozag.
   422 | D        | Found a hazy altar of Hepliaklqana.
   423 | D        | Found a viscous altar of Jiyva.
   424 | D        | Found an ancient bone altar of Kikubaaqudgha.
   425 | D        | Found a corrupted altar of Lugonu.
   426 | D        | Found a burning altar of Makhleb.
   427 | D        | Found a sparkling altar of Nemelex Xobeh.
   428 | D        | Found an iron altar of Okawaru.
   429 | D        | Found a stormy altar of Qazlal.
   430 | D        | Found a sacrificial altar of Ru.
   431 | D        | Found a shimmering blue altar of Sif Muna.
   432 | D        | Found a bloodstained altar of Trog.
   433 | D        | Found a hide-covered altar of Uskayaw.
   434 | D        | Found a radiant altar of Vehumet.
   435 | D        | Found an ornate altar of the Wu Jian Council.
   436 | D        | Found a shimmering altar of Xom.
   437 | D        | Found a basalt altar of Yredelemnul.
   438 | D        | Found a glowing silver altar of Zin.
   439 | D        | Found a glowing golden altar of the Shining One.
   492 | D        | Noticed an orc warrior
   492 | D        | Noticed a vampire
   492 | D        | Noticed a komodo dragon
   494 | D        | Noticed an orc warrior
   502 | D        | Killed a komodo dragon
   502 | D        | Reached **** piety under Trog
   503 | D        | Reached skill level 12 in Short Blades
   503 | D        | Reached skill level 1 in Stealth
   503 | D        | Reached XP level 6. HP: 32/48 MP: 6/6
   503 | D        | Reached XP level 7. HP: 34/52 MP: 7/7
   516 | D        | Slain by a vampire

Illustrated notes

Levels and vault maps discovered:
D:        linesprint [early_d, line_temple, items_1, d_10, items_2, lair_1,
          lair_end, items_3, orc_1, orc_end, items_4, d_15, swamp_1, shoals_1,
          snake_1, spider_1, d_20, vaults_1, items_5, swamp_end, shoals_end,
          snake_end, spider_end, vaults_end, d_27, items_6, zot_1, zot_end,
          crypt_end, forest_end, elf_end, slime_end, tomb_end, abyss_end,
          pan_hell_end]

Skill      XL: |  1  2  3  4  5 |
---------------+----------------+-----
Fighting       | 4 6 7 9 |  9.7
Short Blades   | 5 8 9 12 | 12.5
Armour         | 2 3 |  3.6
Dodging        | 4 6 |  6.3
Stealth        | 1 |  1.6

Action                   |  1- 3 |  4- 6 |  7- 9 || total
-------------------------+-------+-------+-------++-------
Melee: Short sword       |    19 |    19 |       ||    38
       Rapier            |       |     8 |    11 ||    19
Invok: Berserk           |     2 |     2 |       ||     4
Evoke: Wand              |       |     1 |       ||     1
Armor: Scale mail        |       |       |     1 ||     1
Dodge: Dodged            |     8 |     9 |     5 ||    22

Table legend: (Time is in decaauts)
 A = Elapsed time spent in this place.
 B = Non-inter-level travel time spent in this place.
 C = Inter-level travel time spent in this place.
 D = Time resting spent in this place.
 E = Time spent auto-exploring this place.
 F = Levels seen in this place.
 G = Mean time per level.
                   A        B        C        D        E       F      G
               +--------+--------+--------+--------+--------+-----+--------+
         Total |    515 |    515 |      0 |    381 |      3 |   1 |  515.0 |
       Dungeon |    515 |    515 |      0 |    381 |      3 |   1 |  515.0 |
               +--------+--------+--------+--------+--------+-----+--------+

Top non-repeatable levels by time:
       D: 515 daAuts
